 Dungeon Crawl Stone Soup version 0.23.0 (webtiles) character file.

Game seed: 17807140315313405381

141 sighowe the Chopper (level 5, -3/73 HPs)
             Began as a Deep Dwarf Berserker on Feb 11, 2019.
             Was a Believer of Trog.
             Slain by an orc warrior
             ... wielding a +2 short sword of flaming
              (16 damage)
             ... on level 3 of the Dungeon.
             The game lasted 00:08:55 (2186 turns).

sighowe the Chopper (Deep Dwarf Berserker)          Turns: 2186, Time: 00:08:56

Health: -3/73      AC: 11    Str: 26    XL:     5   Next: 3%
Magic:  4/4        EV: 13    Int:  8    God:    Trog [**....]
Gold:   125        SH:  0    Dex: 12    Spells: 4/4 levels left

rFire    . . .     SeeInvis .   e - +1 short sword (protect)
rCold    . . .     Gourm    .   (no shield)
rNeg     . . .     Faith    +   b - +0 animal skin
rPois    .         Spirit   .   (no helmet)
rElec    .         Reflect  .   (no cloak)
rCorr    .         Harm     .   n - +0 pair of gloves (curse)
MR       .....                  k - +0 pair of boots
Stlth    ..........             h - amulet of faith
HPRegen  0.00/turn              c - ring of stealth
MPRegen  0.09/turn              (no ring)

@: berserking, protection aura, non-regenerating, very quick
A: damage resistance, heal wounds, sense surroundings 1, no regeneration
a: Heal Wounds, Berserk, Trog's Hand, Renounce Religion


You were on level 3 of the Dungeon.
You worshipped Trog.
Trog was pleased with you.
You were very hungry.

You visited 1 branch of the dungeon, and saw 3 of its levels.

You collected 125 gold pieces.

Inventory:

Hand Weapons
 a - a +0 hand axe
 e - a +1 short sword of protection (weapon)
Missiles
 l - 5 steel javelins (quivered)
Armour
 b - a +0 animal skin (worn)
 k - a +0 pair of boots (worn)
 n - a cursed +0 pair of gloves (worn)
Jewellery
 c - a ring of stealth (left hand)
 h - an amulet of faith (around neck)
 r - a +3 ring of intelligence {unknown}
Scrolls
 d - 3 scrolls of remove curse {unknown}
 f - 3 scrolls of identify {unknown}
 g - a scroll of blinking {unknown}
 j - a scroll of teleportation {unknown}
 m - a scroll of enchant weapon {unknown}
 p - a scroll of enchant armour {unknown}
 q - a scroll of magic mapping {unknown}
Potions
 i - 2 potions of degeneration {unknown}
 s - a potion of brilliance {unknown}
Comestibles
 o - 6 rations


   Skills:
 * Level 3.2 Fighting
 + Level 0.6 Short Blades
 + Level 3.8 Axes
 * Level 0.8 Throwing
 * Level 3.2 Armour
 * Level 3.1 Dodging
 * Level 2.3 Stealth


You had 4 spell levels left.
You didn't know any spells.
Your spell library was empty.

Dungeon Overview and Level Annotations

Branches:
Dungeon (3/15)

Altars:
Fedhas
Okawaru

Annotations:
D:3 1 runed translucent door, Crazy Yiuf


Innate Abilities, Weirdness & Mutations

You are resistant to damage.
You can heal yourself by infusing magical energy.
You passively map a small area around you.
You do not regenerate.


Message History

You feel yourself moving faster!
You feel mighty!
You are feeling very hungry.
The orc barely misses you. The orc warrior completely misses you.
The orc hits you with a +0 war axe.
You hit the orc warrior.
The orc warrior is moderately wounded.
The orc hits you with a +0 club.
You closely miss the orc warrior.
The orc warrior is moderately wounded.
The orc warrior hits you with a +2 short sword of flaming!
* * * LOW HITPOINT WARNING * * *
The orc warrior burns you.
* * * LOW HITPOINT WARNING * * *
The orc completely misses you.
Okay, then.
You barely miss the orc warrior.
The orc warrior is moderately wounded.
The orc barely misses you.
The orc warrior hits you with a +2 short sword of flaming!
You die...

............#.#.# ###........#..
......##..###.#.# ############
......+.........# #(.....
......##........# #......
.........≈≈≈....# #...†..
.......≈≈≈≈≈≈≈..## #....†.
...#..≈≈≈≈≈≈≈≈≈..# #...†..
...#.≈≈≈≈≈≈≈≈≈≈oo### #.....^
.....≈≈≈≈.P.≈≈≈≈@..########......
....≈≈≈≈..PP.≈≈≈(o(..............
†...≈≈≈≈>._P<≈≈≈≈.#..............
....≈≈≈≈P.PP♣≈≈≈≈....(......#'###
#....≈≈≈≈PP.≈≈≈≈.....########....
#....≈≈≈≈≈≈≈≈≈≈≈.....# #####
###...≈≈≈≈≈≈≈≈≈........,, ,
###..≈≈≈≈≈≈≈..#+###### *
#...≈≈≈.... ** ,


You could see an orc warrior and 2 orcs.

Vanquished Creatures
  A scorpion (D:3)
  3 adders
  A shadow imp (D:3)
  An ooze (D:1)
  A worm (D:2)
  A leopard gecko (D:3)
  5 orcs
  3 giant cockroaches
  6 goblins
  2 hobgoblins (D:1)
  7 kobolds
  6 bats
  3 frilled lizards
  6 rats
46 creatures vanquished.

Notes
Turn   | Place    | Note
-------+----------+-------------------------------------------
     0 | D:1      | sighowe the Deep Dwarf Berserker began the quest for the
                  | Orb.
     0 | D:1      | Reached XP level 1. HP: 20/20 MP: 1/1
    96 | D:1      | Reached XP level 2. HP: 22/27 MP: 2/2
   249 | D:1      | Reached skill level 1 in Stealth
  1082 | D:2      | Reached XP level 3. HP: 33/33 MP: 3/3
  1303 | D:2      | Found an iron altar of Okawaru.
  1310 | D:2      | Reached ** piety under Trog
  1892 | D:3      | Reached XP level 4. HP: 25/42 MP: 4/4
  1936 | D:3      | Found a blossoming altar of Fedhas.
  2004 | D:3      | Found a runed translucent door.
  2005 | D:3      | Noticed Crazy Yiuf
  2110 | D:3      | Reached XP level 5. HP: 37/49 MP: 5/5
  2169 | D:3      | Noticed an orc warrior
  2179 | D:3      | HP: 1/49 [orc warrior/+2 short sword of flaming (10)]
  2186 | D:3      | Slain by an orc warrior

Skill      XL: |  1  2  3  4 |
---------------+-------------+-----
Stealth        | 1 2 |  2.3
Fighting       | 3 |  3.2
Armour         | 3 |  3.2
Dodging        | 3 |  3.1
Short Blades   | |  0.6
Axes           | |  3.8
Throwing       | |  0.8

Action                   |  1- 3 |  4- 6 || total
-------------------------+-------+-------++-------
Melee: Hand axe          |    32 |       ||    32
       Short sword       |    85 |    33 ||   118
Throw: Javelin           |    11 |     6 ||    17
Invok: Berserk           |     4 |     3 ||     7
       Trog's Hand       |       |     1 ||     1
 Abil: Heal Wounds       |     1 |     1 ||     2
 Stab: Sleeping          |     2 |     1 ||     3
       Distracted        |       |     1 ||     1
  Eat: Ration            |     2 |     1 ||     3
Armor: Animal skin       |    41 |    13 ||    54
Dodge: Dodged            |    85 |    30 ||   115
